 Dungeon Sprint DCSS version 0.27-a0-328-g7f782ed93a (webtiles) character file.

Game seed: 11649727976173546827

279 crux the Martial Artist (level 6, 0/38 HPs)
             Began as an Octopode Transmuter on Feb 11, 2021.
             Was an Elder of Cheibriados.
             Slain by an iguana (10 damage)
             ... in the Dungeon (Sprint VII: "The Pits").
             The game lasted 00:01:45 (524 turns).

crux the Martial Artist (Octopode Transmuter)        Turns: 524, Time: 00:01:45

Health: 0/38       AC:  1    Str: 20    XL:     6   Next: 26%
Magic:  3/14       EV: 17    Int: 24    God:    Cheibriados [****..]
Gold:   0          SH:  0    Dex: 22    Spells: 6/16 levels left

rFire    . . .     SeeInvis .     - Unarmed
rCold    . . .     Faith    .   (shield currently unavailable)
rNeg     . . .     Spirit   .   (helmet restricted)
rPois    .         Reflect  .   (no amulet)
rElec    .         Harm     .   (no ring)
rCorr    .         Rampage  .   (no ring)
Will     .....     NoTele   +   (no ring)
Stlth    ++++......             (no ring)
HPRegen  0.12/turn              (no ring)
MPRegen  0.14/turn              (no ring)
                                (no ring)
                                (no ring)

@: blade tentacles, very slow
A: almost no armour, stealthy swim, amphibious, 8 rings, constrict 8, camouflage
1, gelatinous body 1
a: End Transformation, Renounce Religion, Bend Time, Temporal Distortion, Slouch


You were in the Dungeon.
You worshipped Cheibriados.
Cheibriados was greatly pleased with you.
You had blades for tentacles.
You visited 1 branch

Inventory:

Scrolls
 g - a scroll of blinking
 h - 5 scrolls of amnesia
 i - a scroll of summoning
Potions
 a - a potion of invisibility
 b - 6 potions of curing
 c - 6 potions of heal wounds
 d - a potion of haste
 e - 4 potions of magic
 f - 3 potions of berserk rage


   Skills:
 + Level 1.0 Fighting
 + Level 4.4 Dodging
 + Level 5.1 Stealth
 + Level 8.6 Unarmed Combat
 + Level 5.5 Spellcasting
 + Level 5.9 Transmutations


You had 6 spell levels left.
You knew the following spells:

 Your Spells              Type           Power        Failure   Level
a - Beastly Appendage     Tmut           70%          13%         1
b - Ice Form              Ice/Tmut       20%          67%         4
c - Blade Hands           Tmut           17%          63%         5

Your spell library contained the following spells:

 Spells                   Type           Power        Failure   Level
 Wereblood                Tmut           35%          16%         2
 Spider Form              Tmut/Pois      10%          41%         3


Dungeon Overview and Level Annotations

Branches:
Dungeon (1/1)

Altars:
Ashenzari
Cheibriados
Dithmenos
Elyvilon
Fedhas
Gozag
Hepliaklqana
Kikubaaqudgha
Makhleb
Nemelex Xobeh
Okawaru
Qazlal
Ru
Sif Muna
Trog
Uskayaw
Vehumet
Wu Jian
Xom
Yredelemnul
Zin
The Shining One
Beogh
Jiyva
Lugonu


Innate Abilities, Weirdness & Mutations

You cannot wear most types of armour.
You are very stealthy in the water. (Stealth+)
You are amphibious.
You can wear up to eight rings at the same time.
You can use your tentacles to constrict eight enemies at once.
Your skin changes colour to match your surroundings (Stealth+).
Your rubbery body absorbs attacks. (AC +1, EV +1)


Message History

You kill the worm!
Cheibriados appreciates the change of pace.
The iguana hisses angrily.
The warg howls!
The crimson imp shouts!
A rat comes into view.
There is an open door here.
The warg barely misses you. The warg barely misses you.
You hit the warg.
The warg is lightly wounded.
Your tentacles revert to their normal proportions.
The warg misses you.
You tentacle-slap the warg but do no damage.
Your squeeze misses the warg.
The warg is lightly wounded.
The warg bites you!
Casting: Blade Hands (potentially lethal; 28% risk of failure)
Confirm with . or Enter, or press ? or * to list all spells.
The spell is potentially lethal to cast (28% risk of failure)!
Continue anyway?
Your tentacles turn into razor-sharp scythe blades.
The warg misses you.
You hit the warg.
The warg is lightly wounded.
The warg bites you!!
Ouch! That really hurt!
* * * LOW HITPOINT WARNING * * *
You slice the warg!!
You kill the warg!
Cheibriados thoroughly appreciates the change of pace.
Your Stealth skill gained 3 levels and is now at level 5!
Your Unarmed Combat skill increases to level 8!
Your Spellcasting skill increases to level 5!
You have reached level 6!
Your experience leads to an increase in your attributes!
Your base attributes are Str 10, Int 15, Dex 13.
Increase (S)trength, (I)ntelligence, or (D)exterity?
You feel stronger.
You hit the iguana. You grab the iguana. Your slash misses the iguana.
The iguana is lightly wounded.
You constrict the iguana. The iguana bites you!
You die...

#..........)'.....
#'#####+#####.....
#.#รท..#)#[[##.....
#.#...#.#))#####'#
#.#...+.#))##.....
#.##+####))##.....
#.#..)..#..##.....
#.#.....#+###...<.
#@#........##.....
#l#........##.....
#r###########.....
#5....K.# ######
#.......# #...#r..#
#..## ..# #... .#
#.... #


You could see an iguana, a crimson imp and a rat.

Vanquished Creatures
  A warg (D)
  A floating eye (D)
  A worker ant (D)
  3 gnolls (D)
  A worm (D)
  A giant cockroach (D)
  A quokka (D)
  A bat (D)
  A frilled lizard (D)
11 creatures vanquished.

Notes
Turn   | Place    | Note
-------+----------+-------------------------------------------
     0 | D        | crux the Octopode Transmuter began the quest for the Orb.
     0 | D        | Reached XP level 1. HP: 13/13 MP: 3/3
    27 | D        | Reached skill level 4 in Unarmed Combat
    27 | D        | Reached XP level 2. HP: 12/18 MP: 3/5
    52 | D        | Found a glowing golden altar of the Shining One.
    52 | D        | Found a glowing silver altar of Zin.
    52 | D        | Found a basalt altar of Yredelemnul.
    52 | D        | Found a shimmering altar of Xom.
    52 | D        | Found an ornate altar of the Wu Jian Council.
    52 | D        | Found a bloodstained altar of Trog.
    52 | D        | Found a shimmering blue altar of Sif Muna.
    52 | D        | Found a sacrificial altar of Ru.
    52 | D        | Found a stormy altar of Qazlal.
    52 | D        | Found an iron altar of Okawaru.
    52 | D        | Found a sparkling altar of Nemelex Xobeh.
    52 | D        | Found a burning altar of Makhleb.
    52 | D        | Found a viscous altar of Jiyva.
    52 | D        | Found a hazy altar of Hepliaklqana.
    52 | D        | Found an opulent altar of Gozag.
    52 | D        | Found a blossoming altar of Fedhas.
    52 | D        | Found a white marble altar of Elyvilon.
    52 | D        | Found a shadowy altar of Dithmenos.
    52 | D        | Found a snail-covered altar of Cheibriados.
    54 | D        | Found a radiant altar of Vehumet.
    54 | D        | Found a corrupted altar of Lugonu.
    54 | D        | Found a roughly hewn altar of Beogh.
    55 | D        | Found a hide-covered altar of Uskayaw.
    55 | D        | Found an ancient bone altar of Kikubaaqudgha.
    55 | D        | Found a broken altar of Ashenzari.
    61 | D        | Became a worshipper of Cheibriados the Contemplative
   126 | D        | Reached * piety under Cheibriados
   127 | D        | Reached skill level 5 in Unarmed Combat
   127 | D        | Reached XP level 3. HP: 23/23 MP: 4/7
   131 | D        | Noticed a floating eye
   133 | D        | Killed a floating eye
   134 | D        | Reached skill level 7 in Unarmed Combat
   134 | D        | Reached skill level 5 in Transmutations
   134 | D        | Reached XP level 4. HP: 28/28 MP: 5/10
   134 | D        | Reached XP level 5. HP: 33/33 MP: 5/11
   136 | D        | Reached ** piety under Cheibriados
   182 | D        | Learned a level 4 spell: Ice Form
   450 | D        | Reached *** piety under Cheibriados
   459 | D        | Reached **** piety under Cheibriados
   509 | D        | Learned a level 5 spell: Blade Hands
   511 | D        | Noticed a warg
   523 | D        | Killed a warg
   524 | D        | Reached skill level 5 in Stealth
   524 | D        | Reached skill level 8 in Unarmed Combat
   524 | D        | Reached skill level 5 in Spellcasting
   524 | D        | Reached XP level 6. HP: 10/38 MP: 3/14
   524 | D        | Slain by an iguana

Illustrated notes

Levels and vault maps discovered:
D:        pitsprint [storerooms_1, entrance_room_1, metal_vault_3, armoury_3,
          mini_pit_1, grid_room_1, main_hall_1, silver_pit, the_coven_1,
          the_vestibule_1, steel_vault_5, golden_pit, hallway_of_sentries,
          crystal_vault_1, iron_vault_4, final_vault]

Skill      XL: |  1  2  3  4  5 |
---------------+----------------+-----
Unarmed Combat | 4 5 7 8 |  8.6
Transmutations | 3 5 |  5.9
Dodging        | 3 4 |  4.4
Spellcasting   | 3 4 5 |  5.5
Stealth        | 2 5 |  5.1
Fighting       | |  1.0

Action                   |  1- 3 |  4- 6 || total
-------------------------+-------+-------++-------
Melee: Unarmed           |    11 |    18 ||    29
       Constrict         |     4 |     1 ||     5
       Tentacles         |     3 |       ||     3
       Kick              |     4 |       ||     4
       Punch             |     1 |       ||     1
 Cast: Beastly Appendage |     3 |       ||     3
       Blade Hands       |       |     2 ||     2
       Ice Form          |       |     1 ||     1
  Use: Potion            |     1 |       ||     1
 Stab: Sleeping          |     2 |     3 ||     5
Armor: Skin              |       |     3 ||     3
Dodge: Dodged            |     4 |    14 ||    18

Table legend: (Time is in decaauts)
 A = Elapsed time spent in this place.
 B = Non-inter-level travel time spent in this place.
 C = Inter-level travel time spent in this place.
 D = Time resting spent in this place.
 E = Time spent auto-exploring this place.
 F = Levels seen in this place.
 G = Mean time per level.
                   A        B        C        D        E       F      G
               +--------+--------+--------+--------+--------+-----+--------+
         Total |    559 |    559 |      0 |    350 |      0 |   1 |  559.0 |
       Dungeon |    559 |    559 |      0 |    350 |      0 |   1 |  559.0 |
               +--------+--------+--------+--------+--------+-----+--------+

Top non-repeatable levels by time:
       D: 559 daAuts
